 Dungeon Crawl Stone Soup version 0.30.1-11-g7821555f0a (webtiles) character file.

Game seed: 18289519459017276687

223 porpoise the Vexing (level 5, 0/35 HPs)
             Began as a Demonspawn Enchanter on Nov 4, 2023.
             Killed by nerve-wracking pain
             ... invoked by an orc priest
              (14 damage)
             ... on level 4 of the Dungeon.
             The game lasted 00:12:29 (3211 turns).

porpoise the Vexing (Demonspawn Enchanter)          Turns: 3211, Time: 00:12:30

Health: 0/35       AC:  5    Str:  8    XL:     5   Next: 66%
Magic:  9/9        EV: 12    Int: 18    God:
Gold:   200        SH:  0    Dex: 14    Spells: 2/10 levels left

rFire   . . .        a - +1 dagger
rCold   . . .        (no shield)
rNeg    . . .        n - +0 robe
rPois   .            (no helmet)
rElec   .            h - +2 cloak
rCorr   .            (no gloves)
SInv    .            (no boots)
Will    .....        (no amulet)
Stlth   +            (no ring)
HPRegen 0.25/turn    (no ring)
MPRegen 0.11/turn

%: no passive effects
@: confused
A: hooves 1, demonic guardian 1
a: no special abilities


You were on level 4 of the Dungeon.
You visited 1 branch of the dungeon, and saw 4 of its levels.

You collected 278 gold pieces.
You spent 78 gold pieces at shops.

Inventory:

Hand Weapons
 a - a +1 dagger (weapon)
Armour
 h - a +2 cloak (worn)
 n - a +0 robe (worn)
Jewellery
 f - a ring of fire
Scrolls
 b - a scroll of enchant weapon {unknown}
 d - a scroll of teleportation
 g - 3 scrolls of identify
 j - a scroll of magic mapping
 k - a scroll of enchant armour {unknown}
 l - a scroll of immolation
 m - a scroll of fog
 r - a scroll of amnesia
 s - a scroll of poison {unknown}
Potions
 c - 2 potions of invisibility
 e - a potion of might
 i - 4 potions of curing
 o - 2 potions of attraction
 p - a potion of magic
 q - a potion of resistance {unknown}


   Skills:
 + Level 3.0 Short Blades
 - Level 1.7 Dodging
 - Level 2.6 Stealth
 - Level 3.0 Spellcasting
 + Level 4.4 Hexes
 + Level 1.5 Ice Magic


You had 2 spell levels left.
You knew the following spells:

 Your Spells              Type           Power      Damage    Failure   Level
a - Confusing Touch       Hex            18%        N/A       8%          3
e - Ensorcelled Hibernat  Hex/Ice        26%        N/A       8%          2
t - Tukima's Dance        Hex            18%        N/A       8%          3

Your spell library contained the following spells:

 Spells                   Type           Power      Damage    Failure   Level
 Apportation              Tloc           4%         N/A       16%         1
 Beastly Appendage        Tmut           4%         N/A       16%         1
 Necrotise                Necr           8%         1d4       16%         1
 Summon Small Mammal      Summ           8%         N/A       16%         1
 Poisonous Vapours        Pois/Air       4%         N/A       24%         2
 Wereblood                Tmut           2%         N/A       24%         2
 Dazzling Flash           Conj/Hex       20%        N/A       21%         3
 Ozocubu's Armour         Ice            8%         N/A       26%         3
 Mephitic Cloud           Conj/Pois/Air  2%         N/A       43%         3
 Spider Form              Tmut/Pois      2%         N/A       43%         3
 Freezing Cloud           Conj/Ice/Air   2%         6-21      98%         5
 Ozocubu's Refrigeration  Ice            4%         4d8       100%        7


Dungeon Overview and Level Annotations

Branches:
Dungeon (4/15)
 Temple: D:4-7

Altars:

Shops:
D:3 (=*


Innate Abilities, Weirdness & Mutations

You have large cloven feet.
A weak demonic guardian rushes to your aid.


Message History

The orc wizard points at you and mumbles some strange words.
You are more confused.
The orc priest casts a cantrip, but nothing happens.
An orc comes into view.
It is wielding a +2 dagger of distortion.
You bump into the rock wall.
The orc wizard gestures wildly while chanting.
The orc wizard flickers and vanishes!
Deactivating autopickup; reactivate with Ctrl-A.
The orc priest miscasts a cantrip.
The orc wizard gestures wildly while chanting.
The orc wizard flickers and vanishes!
You miss the orc wizard.
The orc wizard points at you and mumbles some strange words.
The puff of flame hits you!
You hit the orc wizard. Your kick misses the orc wizard.
The orc wizard is lightly wounded.
The orc wizard casts a spell at you. The magic dart hits you.
The orc priest calls upon Beogh to heal the orc wizard.
You barely miss the orc wizard.
The orc wizard is lightly wounded.
You bump into the rock wall.
The orc wizard hits you but does no damage.
You hear some strange, mumbled words.
You are more confused.
The orc wizard hits you but does no damage.
There is a stone staircase leading up here.
The orc wizard gestures at you while chanting.
You are more confused.
In your confused state, you trip and fall back down the stairs.
The orc wizard gestures wildly while chanting.
The orc wizard flickers and vanishes!
Unknown command.
The orc hits you but does no damage.
You blink.
You can't go up here!
Something hits you. Something hits you but does no damage.
The orc priest invokes the aid of Beogh against you.
Pain shoots through your body!
You die...

,!###....#..........## #.........
,........###........## ##...#....
,,..[....###.........####..####.#
,,,........#.........##.##...##.#
..,,#...............#...#..######
...###....##....##..........###
...#.#....##<.................##
:...........o..{...............#
.......#.#......@............###
[.$...####.)o......#.<.......####
......#....................###..#
...........#...###..............#
...........##### #.........###.##
...K......## #........###...#
...w.......# #..........##..#
..........## #.............##
.......#### ##..........###


You could see an orc priest and an orc.

Vanquished Creatures
  A phantom (D:4)
  A hound (D:2)
  4 adders
  3 worms
  4 dart slugs
  An endoplasm (D:4)
  5 giant cockroaches
  8 goblins
  5 hobgoblins
  4 quokkas
  5 ball pythons
  4 bats
  10 frilled lizards
  5 kobolds
  5 rats
65 creatures vanquished.

Vanquished Creatures (collateral kills)
  A kobold (D:3)
1 creature vanquished.

Grand Total: 66 creatures vanquished

Notes
Turn   | Place    | Note
-------+----------+-------------------------------------------
     0 | D:1      | porpoise the Demonspawn Enchanter began the quest for the
                  | Orb.
     0 | D:1      | Reached XP level 1. HP: 13/13 MP: 3/3
    41 | D:1      | Reached skill level 1 in Short Blades
   323 | D:1      | Gained mutation: A weak demonic guardian rushes to your
                  | aid. [demonic ancestry]
   323 | D:1      | Reached XP level 2. HP: 14/19 MP: 5/5
   347 | D:1      | Learned a level 2 spell: Ensorcelled Hibernation
   670 | D:1      | You fall into a shaft and drop 1 floor!
  1245 | D:2      | Discovered your monstrous ancestry.
  1245 | D:2      | Gained mutation: You have large cloven feet. [demonic
                  | ancestry]
  1245 | D:2      | Reached XP level 3. HP: 22/24 MP: 6/6
  1257 | D:2      | Learned a level 3 spell: Confusing Touch
  1494 | D:2      | Reached XP level 4. HP: 23/30 MP: 1/8
  2346 | D:3      | Identified the +2 leather armour of Honour {rCorr Int-5
                  | Dex+3}
  2431 | D:3      | Reached skill level 4 in Hexes
  2641 | D:3      | Found Icimm's Antique Weapon Emporium.
  2672 | D:3      | Found Heicik's Jewellery Emporium.
  2679 | D:3      | Found Cytuodik's Assorted Antiques.
  2696 | D:3      | Bought a scroll labelled ROACUZ MODD for 28 gold pieces
  2696 | D:3      | Bought 2 silvery potions for 50 gold pieces
  2751 | D:3      | Found a faded altar of an unknown god.
  2934 | D:4      | Reached XP level 5. HP: 35/35 MP: 9/9
  2978 | D:4      | Noticed a phantom
  2991 | D:4      | Killed a phantom
  2992 | D:4      | Reached skill level 1 in Ice Magic
  3016 | D:4      | Learned a level 3 spell: Tukima's Dance
  3211 | D:4      | Killed from afar by an orc priest

Illustrated notes

Levels and vault maps discovered:
D:1:      elethiomel_arrival_maze, layout_basic
D:2:      layout_basic, minmay_lizard_pond
D:3:      layout_rooms, shapermc_ecumenical_altar_notcrosses, serial_shops,
          shop, shop, nicolae_shop_tiny_real_fake_doors
D:4:      layout_cave_pools

Skill      XL: |  1  2  3  4  5 |
---------------+----------------+-----
Short Blades   | 1 2 3 |  3.0
Spellcasting   | 3 |  3.0
Hexes          | 4 |  4.4
Ice Magic      | 1 |  1.5
Dodging        | |  1.7
Stealth        | |  2.6

Action                     |  1- 3 |  4- 6 || total
---------------------------+-------+-------++-------
  Melee: Dagger            |    95 |    81 ||   176
         Punch             |     1 |     2 ||     3
         Kick              |     3 |    18 ||    21
   Cast: Ensorcelled Hiber |     7 |    10 ||    17
         Confusing Touch   |       |     1 ||     1
    Use: Scroll            |     2 |     8 ||    10
   Stab: Distracted        |     1 |     1 ||     2
         Sleeping          |     8 |     9 ||    17
         Confused          |       |     3 ||     3
 Armour: Robe              |    15 |    22 ||    37
  Dodge: Dodged            |    38 |    42 ||    80
